 Dungeon Crawl Stone Soup version 0.28.0-53-g5a82cb258f (webtiles) character file.

Game seed: 6040262872098850057

159 oldmanjim the Changer (level 5, -6/33 HPs)
             Began as an Octopode Transmuter on July 22, 2022.
             Mangled by Pikel
             ... wielding a +2 whip of freezing
              (13 damage)
             ... on level 3 of the Dungeon.
             The game lasted 00:19:32 (4373 turns).

oldmanjim the Changer (Octopode Transmuter)         Turns: 4373, Time: 00:19:34

Health: -6/33      AC:  2    Str:  9    XL:     5   Next: 40%
Magic:  5/8        EV: 19    Int: 17    God:
Gold:   241        SH:  0    Dex: 18    Spells: 4/8 levels left

rFire   . . .      SeeInvis .     - Unarmed
rCold   . . .      Faith    .   (shield currently unavailable)
rNeg    . . .      Spirit   .   (helmet currently unavailable)
rPois   x          Reflect  .   (no amulet)
rElec   .          Harm     .   f - ring of flight
rCorr   .          Rampage  .   (no ring)
Will    .....                   (no ring)
Stlth   ++........              (no ring)
HPRegen 0.11/turn               (no ring)
MPRegen 0.11/turn               (no ring)
                                (no ring)
                                (no ring)

@: spider-form, flying, studying Necromancy
A: venomous fangs, almost no armour, (amphibious), 8 rings, tiny, (camouflage
1), (gelatinous body 1), (nimble swimmer 1), (tentacles)
a: End Transformation


You were on level 3 of the Dungeon.
You were a venomous arachnid creature.
You visited 1 branch of the dungeon, and saw 4 of its levels.

You collected 241 gold pieces.

Inventory:

Hand Weapons
 b - a +0 hunting sling
Missiles
 h - a boomerang (quivered)
 i - 105 stones
 j - 28 sling bullets
Armour
 n - a +0 tower shield
Jewellery
 f - a ring of flight (left front leg)
 o - an amulet of faith
Wands
 l - a wand of acid (7)
Scrolls
 c - a scroll of enchant armour {unknown}
 d - 2 scrolls of blinking {unknown}
 e - a scroll of holy word {unknown}
 g - a scroll of teleportation {unknown}
Potions
 a - a potion of lignification
 k - 2 potions of heal wounds
 m - a potion of berserk rage {unknown}


   Skills:
 - Level 1.0 Fighting
 - Level 2.0 Dodging
 - Level 4.0 Unarmed Combat
 - Level 2.0 Spellcasting
 + Level 4.1 Transmutations
 + Level 2.4 Poison Magic


You had 4 spell levels left.
You knew the following spells:

 Your Spells              Type           Power      Damage    Failure   Level
a - Beastly Appendage     Tmut           30%        N/A       12%         1
b - Spider Form           Tmut/Pois      12%        N/A       34%         3

Your spell library contained the following spells:

 Spells                   Type           Power      Damage    Failure   Level
 Wereblood                Tmut           15%        N/A       16%         2
 Freeze                   Ice            4%         1d3       38%         1
 Frozen Ramparts          Ice            2%         1d2       71%         3
 Ice Form                 Ice/Tmut       8%         N/A       82%         4
 Hailstorm                Conj/Ice       1%         3d3       96%         4


Dungeon Overview and Level Annotations

Branches:
Dungeon (4/15)
 Temple: D:4-7

Altars:
Dithmenos

Shops:
D:2 *

Annotations:
D:3 3 runed translucent doors, exclusion: 3 doors, Pikel; Sigmund; turdburglar's ghost, amateur GnFi
D:4 exclusion: two-headed ogre


Innate Abilities, Weirdness & Mutations

You are a venomous arachnid creature.
You have poisonous fangs.
You are tiny and dextrous.
Your spellcasting is less reliable in this form.
Your armour is entirely melded.
You are incapable of wielding weapons or throwing items.
You cannot wear most types of armour.
((You are amphibious.))
You can wear up to eight rings at the same time.
((Your skin changes colour to match your surroundings (Stealth+).))
((Your rubbery body absorbs attacks. (AC +1, EV +1)))
((You are camouflaged when in or above water. (Stealth+)))
((You have tentacles for arms and can constrict up to eight enemies at once.))


Message History

There is a stone staircase leading down here.
There is a stone staircase leading up here.
You fly upwards.
Level annotation: 3 runed translucent doors, exclusion: 3 doors, Sigmund; turdburglar's ghost, amateur GnFi
There is a stone staircase leading down here.
There is a stone staircase leading down here.
You fly downwards.
Level annotation: exclusion: two-headed ogre
There is a stone staircase leading up here.
You now have 241 gold pieces (gained 6). 2 lemures come into view.
Found 10 gold pieces.
Found a stone staircase leading up.
The lemure shouts!
A giant cockroach comes into view.
A lemure comes into view.
Found 10 gold pieces.
The lemure moves out of view.
Pikel, Merchant of Souls comes into view.
He is wielding a +2 whip of freezing.
You see here 10 gold pieces.
A lemure comes into view.
Pikel shouts!
The lemure shouts! x2; You hear two shouts!
Pikel says, "All the lords of Hell know my name!"
Pikel drinks a potion.
Pikel seems to speed up.
There is a stone staircase leading up here.
Pikel hits you with a +2 whip of freezing!
Pikel freezes you.
You fly upwards.
Level annotation: 3 runed translucent doors, exclusion: 3 doors, Sigmund; turdburglar's ghost, amateur GnFi
There is a stone staircase leading down here.
Casting: Beastly Appendage (safe; 3% risk of failure)
Confirm with . or Enter, or press ? or * to list all spells.
The spell is quite dangerous to miscast (16% risk of failure)!
Continue anyway? [Y]es or [N]o only, please.
The spell is quite dangerous to miscast (16% risk of failure)!
Continue anyway?
You turn into a venomous arachnid creature.
Pikel hits you with a +2 whip of freezing!
* * * LOW HITPOINT WARNING * * *
Pikel freezes you.
* * * LOW HITPOINT WARNING * * *
Pikel hits you with a +2 whip of freezing!
You die...

#....##
#..†..#.####..#
#.#.##
#.....#.......# #.###
#.....######.##
#.#######.....# #.#
#......##.....#
###.#####
######.########
#.......# #.#
#.#.###.# #.#
#######.#..##.# #.#
###...Ks..##.##.# #.#
#......##.##.##.#
#.###.#.##.##.......#
#....)#.##.......####
#######.#####.####
#.#####.# #.......#
#########


You could see Pikel (fast).

Vanquished Creatures
  A bullfrog (D:4)
  An orc priest (D:4)
  An adder (D:3)
  A worm (D:2)
  2 dart slugs
  4 bats
  5 endoplasms
  2 giant cockroaches
  4 goblins
  5 hobgoblins
  6 kobolds
  4 quokkas
  8 ball pythons
  4 frilled lizards
  2 rats (D:2)
50 creatures vanquished.

Vanquished Creatures (others)
  4 plants (D:3)
4 creatures vanquished.

Grand Total: 54 creatures vanquished

Notes
Turn   | Place    | Note
-------+----------+-------------------------------------------
     0 | D:1      | oldmanjim the Octopode Transmuter began the quest for the
                  | Orb.
     0 | D:1      | Reached XP level 1. HP: 13/13 MP: 3/3
   205 | D:1      | Reached XP level 2. HP: 18/18 MP: 3/5
   979 | D:1      | Reached XP level 3. HP: 4/23 MP: 4/6
  1248 | D:1      | Learned a level 3 spell: Spider Form
  1507 | D:2      | Found Lalu's Assorted Antiques.
  2057 | D:2      | Found a shadowy altar of Dithmenos.
  2723 | D:3      | Noticed Sigmund
  2796 | D:3      | Reached XP level 4. HP: 15/28 MP: 5/7
  3020 | D:3      | Found a runed translucent gate.
  3020 | D:3      | Found a runed translucent gate.
  3021 | D:3      | Found a runed translucent gate.
  3022 | D:3      | Noticed a kobold brigand
  3022 | D:3      | Noticed turdburglar's ghost (amateur GnFi)
  3728 | D:4      | Noticed a bullfrog
  3732 | D:4      | Killed a bullfrog
  3733 | D:4      | Reached XP level 5. HP: 29/33 MP: 6/8
  4149 | D:4      | Noticed a two-headed ogre
  4363 | D:4      | Noticed a lemure
  4363 | D:4      | Noticed a lemure
  4364 | D:4      | Noticed a lemure
  4365 | D:4      | Noticed Pikel
  4368 | D:4      | Noticed a lemure
  4373 | D:3      | Mangled by Pikel

Illustrated notes

Levels and vault maps discovered:
D:1:      onia_arrival_pyramid, layout_rooms, minmay_tree_intersection
D:2:      minmay_alternating_diamond, layout_basic, serial_shops,
          nicolae_lakefront_shop, basic_altar
D:3:      layout_loops_cross, gammafunk_ghost_nasty_kobolds, uniq_sigmund
D:4:      layout_basic, st_stairs_2, uniq_pikel

Skill      XL: |  1  2  3  4  5 |
---------------+----------------+-----
Transmutations | 3 4 |  4.1
Unarmed Combat | 4 |  4.0
Poison Magic   | 2 |  2.4
Fighting       | |  1.0
Dodging        | |  2.0
Spellcasting   | |  2.0

Action                   |  1- 3 |  4- 6 || total
-------------------------+-------+-------++-------
Melee: Unarmed           |    88 |    15 ||   103
       Constrict         |    19 |     5 ||    24
       Kick              |    24 |     5 ||    29
       Tentacles         |    15 |     2 ||    17
       Punch             |     3 |       ||     3
Throw: Boomerang         |    14 |     5 ||    19
 Cast: Beastly Appendage |    33 |     6 ||    39
       Spider Form       |       |     1 ||     1
Evoke: Wand              |       |     1 ||     1
  Use: Scroll            |     2 |       ||     2
 Stab: Sleeping          |     3 |       ||     3
Armor: Skin              |     6 |     1 ||     7
Dodge: Dodged            |    53 |    14 ||    67
